Selects Italian Coastal Battlegroup
Construct Infanterie Kompanie
Construct Panzergrenadier Kompanie
Selects Artillery Officer
Nebelwerfer 42 Rocket Launcher Team
Nebelwerfer 42 Rocket Launcher Team
Infanterie Officer Quarters
Selects Designated Artillery Overwatch
Panzergrenadier Officer Quarters
Designated Artillery Overwatch
Designated Artillery Overwatch
Construct Luftwaffe Kompanie
Designated Artillery Overwatch